 Dungeon Crawl Stone Soup version 0.19.1 (webtiles) character file.

20631 M4edhros the Martial Artist (level 12, -4/64 HPs)
             Began as an Octopode Necromancer on Dec 14, 2016.
             Was a High Priest of Cheibriados.
             Slain by an enormous slime creature (26 damage)
             ... on level 15 of the Dungeon.
             The game lasted 00:47:13 (7070 turns).

M4edhros the Martial Artist (Octopode Necromancer)  Turns: 7070, Time: 00:47:14

Health: -4/64      AC:  3    Str: 20    XL:     12   Next: 81%
Magic:  12/18      EV: 24    Int: 31    God:    Cheibriados [*****.]
Gold:   543        SH:  4    Dex: 30    Spells: 8 memorised, 1 level left

rFire  + + .     SeeInvis .       - Unarmed
rCold  . . .     Gourm    .     (no shield)
rNeg   . . .     Faith    .     (helmet restricted)
rPois  +         Spirit   .     q - +4 amulet of reflection
rElec  .         Reflect  +     m - ring of poison resistance
rCorr  .         Harm     .     F - ring of protection from fire
MR     +....                    (no ring)
Stlth  +++++.....               (no ring)
                                (no ring)
                                (no ring)
                                (no ring)
                                (no ring)

@: about to teleport, very slow
A: almost no armour, stealthy swim, amphibious, 8 rings, constrict 8, antennae
2, yellow scales 1, camouflage 1, blurry vision 1, fire resistance 1, frail 2,
magic resistance 1, sense surroundings 1, poison resistance, slow regeneration
1, wild magic 1, gelatinous body 1
a: Bend Time, Temporal Distortion, Slouch, Step From Time, Renounce Religion


You were on level 15 of the Dungeon.
You worshipped Cheibriados.
Cheibriados was extremely pleased with you.
You were not hungry.

You visited 2 branches of the dungeon, and saw 16 of its levels.

You collected 543 gold pieces.

Inventory:

Hand Weapons
 g - a +0 spear of freezing
 l - a +1 dagger of venom
 n - a +1 fustibalus
 A - a +1 morningstar of protection
 S - a +0 blowgun
Missiles
 e - 22 sling bullets
 j - a throwing net
 k - 212 stones (quivered)
 T - 19 poisoned needles
Jewellery
 m - a ring of poison resistance (left tentacle)
 q - a +4 amulet of reflection (around mantle)
 C - an uncursed amulet of harm
 F - a ring of protection from fire (right tentacle)
Wands
 d - a wand of polymorph (14/24)
 i - a wand of polymorph (4/24)
 t - a wand of iceblast (0/15)
 u - a wand of flame (16/48)
 v - a wand of flame (16/48)
 B - a wand of teleportation (1/9)
 K - a wand of iceblast (9/15)
 N - a wand of iceblast (9/15)
 R - a wand of flame (13/48)
Scrolls
 c - a scroll of noise
 h - a scroll of blinking
 o - a scroll of teleportation {unknown}
 s - a scroll of recharging
 x - 2 scrolls of torment {unknown}
 D - 2 scrolls of amnesia {unknown}
 H - a scroll of enchant armour {unknown}
 P - a scroll of brand weapon {unknown}
 Q - a scroll of remove curse
 U - a scroll of vulnerability {unknown}
Potions
 f - a potion of cancellation {unknown}
 G - a potion of heal wounds
 I - a potion of experience {unknown}
 O - a potion of curing
Books
 a - a book of Necromancy

   Spells                             Type                      Level
   a - Pain                           Necromancy                   1
   b - Animate Skeleton               Necromancy                   1
   c - Vampiric Draining              Necromancy                   3
   d - Regeneration                   Charms/Necromancy            3
   e - Animate Dead                   Necromancy                   4
   f - Control Undead                 Necromancy                   4
 y - a book of Misfortune

   Spells                             Type                      Level
   a - Confusing Touch                Hexes                        1
   b - Confuse                        Hexes                        3
   c - Gell's Gravitas                Hexes/Translocation          3
   d - Petrify                        Transmutation/Earth          4
   e - Metabolic Englaciation         Hexes/Ice                    5
   f - Yara's Violent Unravelling     Hexes/Transmutation          5
 E - a book of Geomancy

   Spells                             Type                      Level
   a - Sandblast                      Earth                        1
   b - Passwall                       Transmutation/Earth          2
   c - Stone Arrow                    Conjuration/Earth            3
   d - Petrify                        Transmutation/Earth          4
   e - Lee's Rapid Deconstruction     Earth                        5
 J - the Almanac of Fetching Translocation
   (You found it on level 13 of the Dungeon)

   Spells                             Type                      Level
   a - Corona                         Hexes                        1
   b - Shroud of Golubria             Charms/Translocation         2
   c - Fulminant Prism                Conjuration/Hexes            4
   d - Controlled Blink               Translocation                8
Miscellaneous
 r - a crystal ball of energy
 L - a phantom mirror
Comestibles
 b - 7 bread rations
 p - 3 beef jerkies
 w - 10 slices of pizza
 z - a royal jelly
 M - a meat ration
 V - 4 chunks of flesh


   Skills:
 - Level 7.6 Fighting
 + Level 2.0 Slings
 + Level 9.4 Dodging
 - Level 2.6 Stealth
 - Level 12.0 Unarmed Combat
 - Level 4.1 Spellcasting
 * Level 5.0 Hexes
 - Level 4.0 Necromancy
 + Level 5.4 Transmutations
 + Level 5.3 Earth Magic
 - Level 7.0 Invocations


You had one spell level left.
You knew the following spells:

 Your Spells              Type           Power        Failure   Level  Hunger
a - Pain                  Necr           ####         2%          1    None
b - Animate Skeleton      Necr           N/A          2%          1    None
c - Regeneration          Chrm/Necr      ###.......   14%         3    ##.....
d - Vampiric Draining     Necr           #####.....   6%          3    ##.....
e - Confusing Touch       Hex            #####.       1%          1    None
f - Petrify               Tmut/Erth      ######..     14%         4    ####...
g - Shroud of Golubria    Chrm/Tloc      #.........   14%         2    None
h - Stone Arrow           Conj/Erth      ####..       12%         3    ##.....


Dungeon Overview and Level Annotations

Branches:
Dungeon (15/15)            Temple (1/1) D:7            Lair (0/6) D:8
    Orc (0/2) D:10         Vaults (0/5) D:13
 Depths: D:15

Altars:
Ashenzari
Cheibriados
Elyvilon
Fedhas
Gozag
Kikubaaqudgha
Nemelex Xobeh
Okawaru
Qazlal
Ru
Sif Muna
Trog
Uskayaw
Vehumet
Xom
Yredelemnul
Zin
The Shining One

Annotations:
D:2 meat for chei, Robin, Sigmund
D:3 exclusion: downstairs
D:4 Menkaure
D:7 Whitewater's ghost, novice TrBe
D:14 exclusion: Roxanne, Roxanne


Innate Abilities, Weirdness & Mutations

You cannot wear most types of armour.
You are very stealthy in the water. (Stealth+)
You are amphibious.
You can wear up to eight rings at the same time.
You can use your tentacles to constrict eight enemies at once.
Your skin changes colour to match your surroundings (Stealth+).
Your rubbery body absorbs attacks. (AC +1, EV +1)
You have a pair of antennae on your head.
You are partially covered in yellow scales. (AC +2)
Scrolls take you a little longer to read.
Your flesh is heat resistant. (rF+)
You are very frail. (-20% HP)
You are resistant to hostile enchantments. (MR+)
You passively map a small area around you.
Your system is resistant to poisons. (rPois)
You regenerate slowly when monsters are visible.
Your spells are a little harder to cast, but a little more powerful.


Message History

Press: ? - help, Shift-Dir - straight line, f - very large slime creature
Aim: a very large slime creature (chance to defeat MR: 28%)
Okay, then.
You batter the very large slime creature!!
The very large slime creature is lightly wounded.
You block the very large slime creature's attack.
Two slime creatures merge to form an enormous slime creature.
Okay, then.
The enormous slime creature hits your electric eel skeleton!!
Your electric eel skeleton is destroyed!
Evoke which item? (* to show all) (? for menu, Esc to quit)
Okay, then.
Evoke which item? (* to show all) (? for menu, Esc to quit)
Zapping:
B - a wand of teleportation (2/9)
Press: ? - help, Shift-Dir - straight line, f - you You feel strangely unstable.
This wand has 1 charge left.
The enormous slime creature hits you!!!
Ouch! That really hurt!
The enormous slime creature hits you!!
You die...

.########## #..
#.............# #.. * *
##.............# #.. , ,..
* ##≈.............###.. ...
##≈≈≈≈#...........##≈≈ ,
,...##≈≈≈≈≈≈...........#≈≈≈
...≈≈≈≈≈≈≈≈..........#Z≈≈
#≈≈≈≈≈≈≈≈≈..........#... ,
*#≈≈≈≈≈@≈≈..........'... *
##≈≈≈≈J≈.......#...##.. *
#.≈≈≈≈#.##....#.###### ,
#..≈≈#........#.# ,,#
##.#######....#.# * # ≈
#..# #....#.# ≈≈≈≈≈≈≈#.#*
#....#.# J≈≈≈J≈. ...
,,....... , ≈≈≈≈≈## #.##
##......#,


You could see an enormous slime creature.

Vanquished Creatures
  Josephine (D:10)
  An ogre mage (D:13)
  A centaur warrior (D:13)
  A deep elf mage (D:12)
  A hill giant (D:14)
  10 ugly things
  A manticore (D:14)
  2 cyclopes
  An elephant (D:8)
  Maurice (D:10)
  A centaur skeleton (D:14)
  3 gargoyles
  A redback zombie (D:14)
  A kobold demonologist (D:14)
  2 trolls
  3 two-headed ogres
  6 hippogriffs
  4 wraiths (D:10)
  A vampire (D:14)
  3 wyverns
  3 hogs (D:10)
  4 vampire mosquitoes (D:15)
  A water elemental (D:15)
  5 yaks
  A human (D:10)
  2 hungry ghosts
  A soldier ant (D:14)
  A water moccasin (D:10)
  5 orc warriors
  A black bear (D:12)
  2 sky beasts
  A phantom (D:4)
  2 eyes of draining (D:9)
  2 ice beasts
  3 ogres
  A crocodile (D:8)
  A big kobold (D:14)
  9 bullfrogs
  2 scorpions (D:6)
  3 killer bees (D:12)
  14 wights
  2 electric eels (D:15)
  2 centaur zombies
  3 crimson imps (D:9)
  2 bullfrog zombies
  6 hounds
  3 jellies
  3 orc priests
  2 orc wizards
  3 iguanas
  5 worker ants
  A hell rat (D:7)
  A howler monkey zombie (D:7)
  2 worker ant zombies
  3 gnolls (D:7)
  A howler monkey skeleton (D:9)
  5 adders
  2 shadow imps
  An adder skeleton (D:4)
  A worm (D:1)
  3 dart slugs
  32 orcs
  2 bats (D:1)
  2 giant cockroaches
  2 hobgoblins
  10 jackals
  6 quokkas
  A ball python skeleton (D:6)
  A goblin (D:3)
  A jackal zombie (D:7)
  14 kobolds
  A rat (D:1)
232 creatures vanquished.

Vanquished Creatures (collateral kills)
  A two-headed ogre (D:13)
  A yak (D:10)
  An orc warrior (D:14)
  A sky beast (D:9)
  An ogre (D:7)
  A bullfrog (D:9)
  2 scorpions
  2 killer bees (D:12)
  A wight (D:9)
  4 orc wizards
  2 worker ants
  A gnoll (D:7)
  A leopard gecko (D:7)
  6 orcs
  A quokka (D:6)
26 creatures vanquished.

Vanquished Creatures (others)
  A kobold (D:14)
1 creature vanquished.

Grand Total: 259 creatures vanquished

Notes
Turn   | Place    | Note
-------+----------+-------------------------------------------
     0 | D:1      | M4edhros the Octopode Necromancer began the quest for the Orb.
     0 | D:1      | Reached XP level 1. HP: 11/11 MP: 3/3
    56 | D:1      | Reached skill level 1 in Unarmed Combat
   115 | D:1      | Reached XP level 2. HP: 6/17 MP: 0/5
   325 | D:2      | Reached skill level 2 in Unarmed Combat
   327 | D:2      | Noticed Sigmund
   366 | D:4      | Noticed Menkaure
   451 | D:3      | Learned a level 1 spell: Animate Skeleton
   546 | D:3      | Reached XP level 3. HP: 5/21 MP: 0/6
   586 | D:1      | Learned a level 3 spell: Regeneration
   686 | D:3      | Reached skill level 3 in Unarmed Combat
   728 | D:2      | Noticed Robin
   751 | D:4      | Reached XP level 4. HP: 24/27 MP: 3/7
   805 | D:4      | Reached skill level 4 in Unarmed Combat
   885 | D:5      | Entered Level 5 of the Dungeon
   899 | D:5      | Reached XP level 5. HP: 15/31 MP: 4/8
  1025 | D:6      | Reached skill level 5 in Unarmed Combat
  1046 | D:6      | Noticed an ice beast
  1062 | D:6      | Killed an ice beast
  1062 | D:6      | Reached XP level 6. HP: 13/36 MP: 2/9
  1090 | D:6      | Reached skill level 6 in Unarmed Combat
  1175 | D:6      | Reached skill level 1 in Fighting
  1221 | D:6      | Noticed an orc warrior
  1295 | D:6      | Killed an orc warrior
  1295 | D:6      | Reached XP level 7. HP: 24/44 MP: 7/10
  1483 | D:5      | Reached skill level 7 in Unarmed Combat
  2068 | D:7      | Noticed Whitewater's ghost (novice TrBe)
  2103 | D:7      | Reached XP level 8. HP: 30/52 MP: 8/11
  2178 | D:7      | Found a staircase to the Ecumenical Temple.
  2392 | Temple   | Entered the Ecumenical Temple
  2460 | Temple   | Became a worshipper of Cheibriados the Contemplative
  2519 | D:6      | Learned a level 3 spell: Vampiric Draining
  2694 | D:7      | Reached skill level 8 in Unarmed Combat
  2771 | D:7      | Gained mutation: You possess an exceptional clarity of mind. [mutagenic meat]
  2772 | D:7      | Gained mutation: You are resistant to hostile enchantments. (MR+) [mutagenic meat]
  2773 | D:7      | Gained mutation: You are partially covered in yellow scales. (AC +2) [mutagenic meat]
  2774 | D:7      | Gained mutation: One of your tentacles bears a spike. [mutagenic meat]
  2775 | D:7      | Gained mutation: You are occasionally teleported next to monsters. [mutagenic meat]
  2776 | D:7      | Gained mutation: You passively map a small area around you. [mutagenic meat]
  2876 | D:8      | Reached * piety under Cheibriados
  2993 | D:8      | Found a stormy altar of Qazlal.
  2996 | D:8      | Found an ancient bone altar of Kikubaaqudgha.
  3057 | D:8      | Found a staircase to the Lair.
  3057 | D:8      | Noticed an elephant
  3057 | D:8      | Noticed a yak
  3058 | D:8      | Noticed a hippogriff
  3275 | D:9      | Reached skill level 1 in Invocations
  3370 | D:9      | Reached XP level 9. HP: 44/59 MP: 7/12
  3402 | D:9      | Reached skill level 9 in Unarmed Combat
  3486 | D:8      | Found a deep blue altar of Sif Muna.
  3486 | D:8      | Found a white marble altar of Elyvilon.
  3486 | D:8      | Found a basalt altar of Yredelemnul.
  3496 | D:8      | Found a radiant altar of Vehumet.
  3552 | D:8      | Killed an elephant
  3552 | D:8      | Reached skill level 5 in Fighting
  3552 | D:8      | Reached skill level 5 in Dodging
  3665 | D:8      | Reached ** piety under Cheibriados
  3886 | D:7      | Reached skill level 10 in Unarmed Combat
  3940 | D:7      | Learned a level 1 spell: Confusing Touch
  3999 | D:7      | Found a blossoming altar of Fedhas.
  4143 | D:9      | Reached XP level 10. HP: 68/68 MP: 8/13
  4176 | D:9      | Noticed a four-headed hydra
  4268 | D:9      | Gained mutation: You regenerate slowly when monsters are visible. [mutagenic meat]
  4269 | D:9      | Gained mutation: Scrolls take you a little longer to read. [mutagenic meat]
  4379 | D:10     | Entered Level 10 of the Dungeon
  4439 | D:10     | Reached *** piety under Cheibriados
  4497 | D:10     | Noticed Josephine
  4561 | D:10     | Reached skill level 11 in Unarmed Combat
  4561 | D:10     | Reached skill level 5 in Invocations
  4585 | D:10     | Found a staircase to the Orcish Mines.
  4606 | D:10     | Killed Josephine
  4616 | D:10     | Reached XP level 11. HP: 75/75 MP: 15/15
  4820 | D:11     | Noticed a six-headed hydra
  4826 | D:10     | Noticed Maurice
  4839 | D:10     | Killed Maurice
  4870 | D:11     | Noticed a hill giant
  5004 | D:10     | Reached **** piety under Cheibriados
  5157 | D:12     | Reached skill level 12 in Unarmed Combat
  5167 | D:12     | Learned a level 4 spell: Petrify
  5329 | D:13     | Reached skill level 1 in Transmutations
  5363 | D:13     | Identified the Almanac of Fetching Translocation
  5391 | D:13     | Noticed a centaur warrior
  5404 | D:13     | Killed a centaur warrior
  5404 | D:13     | Reached skill level 1 in Earth Magic
  5410 | D:13     | Noticed a brown ugly thing
  5468 | D:13     | Killed a brown ugly thing
  5601 | D:13     | Found a gate to the Vaults.
  5622 | D:13     | Noticed an ogre mage
  5631 | D:13     | Killed an ogre mage
  5648 | D:13     | Noticed a cyclops
  5671 | D:13     | Killed a cyclops
  5728 | D:13     | Reached ***** piety under Cheibriados
  6007 | D:12     | Noticed a deep elf mage
  6017 | D:12     | Killed a deep elf mage
  6076 | D:12     | Reached XP level 12. HP: 76/81 MP: 17/17
  6200 | D:14     | Learned a level 2 spell: Shroud of Golubria
  6204 | D:14     | Learned a level 3 spell: Stone Arrow
  6324 | D:14     | Reached skill level 1 in Hexes
  6354 | D:14     | Lost mutation: You possess an exceptional clarity of mind. [mutagenic meat]
  6355 | D:14     | Gained mutation: You are frail. (-10% HP) [mutagenic meat]
  6356 | D:14     | Gained mutation: Your flesh is heat resistant. (rF+) [mutagenic meat]
  6357 | D:14     | Lost mutation: You are occasionally teleported next to monsters. [mutagenic meat]
  6362 | D:14     | Gained mutation: You are very frail. (-20% HP) [mutagenic meat]
  6363 | D:14     | Gained mutation: Your spells are a little harder to cast, but a little more powerful. [mutagenic meat]
  6432 | D:14     | Noticed Roxanne
  6818 | D:15     | Entered Level 15 of the Dungeon
  6857 | D:15     | Reached skill level 5 in Transmutations
  6873 | D:15     | Reached skill level 1 in Slings
  6961 | D:15     | Reached skill level 5 in Earth Magic
  6968 | D:15     | Lost mutation: You regenerate slowly when monsters are visible. [mutagenic meat]
  7028 | D:15     | Reached skill level 5 in Hexes
  7040 | D:15     | Gained mutation: Your system is resistant to poisons. (rPois) [mutagenic meat]
  7043 | D:15     | Gained mutation: You have a pair of small antennae on your head. [mutagenic meat]
  7045 | D:15     | Gained mutation: You have a pair of antennae on your head. [mutagenic meat]
  7046 | D:15     | Gained mutation: You regenerate slowly when monsters are visible. [mutagenic meat]
  7048 | D:15     | Lost mutation: One of your tentacles bears a spike. [mutagenic meat]
  7070 | D:15     | Slain by an enormous slime creature

Skill      XL: |  1  2  3  4  5  6  7  8  9 10 11 12 |
---------------+-------------------------------------+-----
Unarmed Combat | 1 2 3 4 5 6 7 8 10 11 12 | 12.0
Fighting       | 1 3 4 5 7 |  7.6
Dodging        | 3 4 6 7 8 9 |  9.4
Invocations    | 1 3 5 7 |  7.0
Transmutations | 3 5 |  5.4
Earth Magic    | 3 5 |  5.3
Spellcasting   | 3 4 |  4.1
Hexes          | 5 |  5.0
Slings         | 2 |  2.0
Stealth        | |  2.6
Necromancy     | |  4.0

Action                   |  1- 3 |  4- 6 |  7- 9 | 10-12 || total
-------------------------+-------+-------+-------+-------++-------
Melee: Unarmed           |     4 |    41 |   273 |   441 ||   759
       Constrict         |     6 |    13 |    55 |    57 ||   131
       Spear             |    36 |    31 |       |       ||    67
       Tentacles         |     6 |    11 |    61 |   182 ||   260
       Punch             |       |     4 |    13 |    93 ||   110
       Kick              |       |       |    54 |   270 ||   324
 Fire: Fustibalus        |       |       |     1 |       ||     1
Throw: Stone             |       |     1 |     1 |     4 ||     6
 Cast: Pain              |    29 |       |    13 |     5 ||    47
       Animate Skeleton  |     3 |     9 |    28 |    36 ||    76
       Regeneration      |     3 |    12 |    34 |    74 ||   123
       Confusing Touch   |       |       |       |    13 ||    13
       Petrify           |       |       |       |     1 ||     1
       Shroud of Golubri |       |       |       |     4 ||     4
Evoke: Wand              |       |       |     2 |    10 ||    12
  Use: Potion            |     1 |     4 |     3 |     5 ||    13
       Scroll            |       |       |     8 |     6 ||    14
 Stab: Sleeping          |     6 |     6 |    10 |     5 ||    27
       Confused          |       |       |       |    17 ||    17
       Distracted        |       |       |       |     1 ||     1
  Eat: Chunk             |       |     4 |    16 |    31 ||    51
       Meat ration       |       |       |     1 |     3 ||     4
Armor: Skin              |       |    11 |    34 |    18 ||    63
Dodge: Dodged            |    15 |    31 |   160 |   282 ||   488
Block: Other             |       |       |    18 |    52 ||    70
       Reflection        |       |       |       |     4 ||     4
